 Dungeon Crawl Stone Soup version 0.32-a0-872-g59262bdc9b (webtiles) character file.

Game seed: 14030922233594015307

868 601d51SH the Covert (level 8, -4/67 HPs)
             Began as a Gnoll Delver on Mar 31, 2024.
             Was an Initiate of Hepliaklqana.
             Slain by 601d51SH's ghost (7 damage)
             ... on level 4 of the Dungeon.
             The game lasted 00:13:16 (3959 turns).

601d51SH the Covert (Gnoll Delver)                  Turns: 3959, Time: 00:13:16

Health: -4/67      AC:  8    Str: 14      XL:     8   Next: 3%
Magic:  12/12      EV: 11    Int:  9      God:    Hepliaklqana [......]
Gold:   222        SH:  0    Dex: 12 (14) Spells: 11/13 levels left

rFire   . . .        i - +4 dagger "Hecvibbu" {drain, rPois rF- rC- rCorr}
rCold   x . .        h - orb {mayhem}
rNeg    . . .        j - +1 ring mail {rC+}
rPois   +            y - +0 helmet
rElec   .            (no cloak)
rCorr   +            (no gloves)
SInv    .            w - +0 pair of boots
Will    .....        E - amulet of regeneration
Stlth   ++++         B - ring of fire
HPRegen 1.11/turn    (no ring)
MPRegen 0.13/turn

%: mayhem
@: hasted, very quick
A: fangs 1, strong nose, distributed training
a: Renounce Religion


You were on level 4 of the Dungeon.
You worshipped Hepliaklqana.
Hepliaklqana was noncommittal.
You visited 1 branch of the dungeon, and saw 5 of its levels.
You also visited: Sewer.

You collected 222 gold pieces.

Inventory:

Hand Weapons
 a - a +0 spear
 i - the +4 dagger "Hecvibbu" (weapon) {drain, rPois rF- rC- rCorr}
   (You found it on level 3 of the Dungeon)

   rF-:       It makes you vulnerable to fire.
   rC-:       It makes you vulnerable to cold.
   rPois:     It protects you from poison.
   rCorr:     It protects you from acid and corrosion.
 o - a +4 dagger
 D - a +2 dagger of holy wrath
 G - a +0 spear of flaming
Missiles
 k - 24 poisoned darts (quivered)
 v - 5 darts of dispersal
 A - 2 atropa-tipped darts
Armour
 b - a +0 leather armour
 h - an orb of mayhem (worn)
 j - a +1 ring mail of cold resistance (worn)
 w - a +0 pair of boots (worn)
 y - a +0 helmet (worn)
Jewellery
 B - a ring of fire (left hand)
 E - an amulet of regeneration (around neck)
Wands
 g - a wand of digging (3)
 F - a wand of flame (7)
Scrolls
 c - 2 scrolls of fog
 d - a scroll of revelation
 e - a scroll of fear
 n - 2 scrolls of teleportation {unknown}
 q - 4 scrolls of identify {unknown}
 z - a scroll of enchant armour {unknown}
 H - a scroll of poison {unknown}
 I - a scroll of torment {unknown}
Potions
 l - a potion of resistance
 m - a potion of might {unknown}
 p - a potion of brilliance {unknown}
 r - 3 potions of attraction {unknown}
 s - 3 potions of heal wounds {unknown}
 t - a potion of cancellation {unknown}
 u - a potion of ambrosia {unknown}
 x - a potion of berserk rage {unknown}
 C - 2 potions of curing {unknown}


   Skills:
 + Level 7.2 Fighting
 + Level 3.0 Short Blades
 + Level 3.0 Long Blades
 + Level 3.0 Axes
 + Level 3.0 Maces & Flails
 + Level 5.5 Polearms
 + Level 3.0 Staves
 + Level 3.0 Ranged Weapons
 + Level 3.0 Throwing
 + Level 3.0 Armour
 + Level 5.5 Dodging
 + Level 10.1 Stealth
 + Level 3.0 Shields
 + Level 3.0 Unarmed Combat
 + Level 3.0 Spellcasting
 + Level 2.4 Conjurations
 + Level 2.4 Hexes
 + Level 2.4 Summonings
 + Level 2.4 Necromancy
 + Level 2.4 Translocations
 + Level 2.4 Fire Magic
 + Level 2.4 Ice Magic
 + Level 2.4 Air Magic
 + Level 2.4 Earth Magic
 + Level 2.4 Alchemy
 + Level 3.3 Invocations
 + Level 3.0 Evocations
 + Level 2.7 Shapeshifting


You had 11 spell levels left.
You knew the following spells:

 Your Spells              Type           Power      Damage    Failure   Level
a - Ensorcelled Hibernat  Hex/Ice        10%        N/A       32%         2

Your spell library contained the following spells:

 Spells                   Type           Power      Damage    Failure   Level
 Magic Dart               Conj           20%        1d4       22%         1
 Blink                    Tloc           10%        N/A       32%         2
 Call Imp                 Summ           10%        N/A       32%         2
 Static Discharge         Conj/Air       10%        3-4/arc   32%         2
 Passwall                 Erth           5%         N/A       54%         3
 Swiftness                Air            5%         N/A       54%         3
 Airstrike                Air            2%         2d(1-17)  91%         4
 Summon Lightning Spire   Summ/Air       5%         N/A       91%         4


Dungeon Overview and Level Annotations

Branches:
Dungeon (5/15)              Sewer (visited)
 Temple: D:4-7

Altars:
Dithmenos
Hepliaklqana
Vehumet

Annotations:
D:4 1 transporter, 601d51SH's ghost, amateur MiFi


Innate Abilities, Weirdness & Mutations

You have very sharp teeth.
Your uncanny sense of smell can sniff out nearby items.
Your experience applies equally to all skills.


Message History

You feel yourself speed up. The quasit closely misses you.
The quasit misses you. x2; 601d51SH's ghost hits you.
* * * LOW HITPOINT WARNING * * *
The quasit bites you but does no damage.
The quasit claws you.
* * * LOW HITPOINT WARNING * * *
The quasit completely misses you.
You closely miss 601d51SH's ghost. 601d51SH's ghost is heavily damaged. 601d51SH's ghost closely misses you.
You hit 601d51SH's ghost. 601d51SH's ghost is heavily damaged.
The quasit closely misses you.
The quasit claws you but does no damage. x2 601d51SH's ghost hits you.
* * * LOW HITPOINT WARNING * * *
You hit 601d51SH's ghost but do no damage.
Your bite misses 601d51SH's ghost. 601d51SH's ghost is heavily damaged.
The quasit barely misses you. x3
You hit 601d51SH's ghost but do no damage. 601d51SH's ghost is heavily damaged. 601d51SH's ghost hits you.
* * * LOW HITPOINT WARNING * * *
The quasit bites you but does no damage.
The quasit closely misses you.
The quasit claws you but does no damage.
You barely miss 601d51SH's ghost. 601d51SH's ghost is heavily damaged.
You completely miss 601d51SH's ghost.
You bite 601d51SH's ghost, but do no damage. 601d51SH's ghost is heavily damaged.
The quasit bites you.
* * * LOW HITPOINT WARNING * * *
You feel clumsy. The quasit closely misses you.
The quasit claws you but does no damage. 601d51SH's ghost hits you!
You die...
Hepliaklqana delivers you to your ancestors.

#.# #.#########.### ##### #.#
#.# #.# ....# #.###.##### #.#
###.# #.........#####.# #.#
###..............# #.#
##...####.©.####..# #.#
#..###..#####..##.## #.#
#.##..#..$!.....#..# #.#
#.#...@###=..##.##.# #.#
#.##.#W55..#.....#.# #.#
#..#[..#..©..##..#.# ###.#
#..#..##..#......#.# )...#
#..#....#...#...##.# #####
#..##......#...©#..#
#...##.###..#####.##
###########<#..###©####.....#
......†.................#####


You could see 2 quasits and 601d51SH's ghost.

Vanquished Creatures
  Eustachio (D:4)
  A black bear (D:4)
  Blork the orc (D:4)
  3 kobold brigands (Sewer)
  2 scorpions
  A crimson imp (D:4)
  Robin (D:4)
  2 gnolls
  2 river rats
  4 adders
  A white imp (D:4)
  5 dart slugs
  3 ribbon worms (Sewer)
  13 ball pythons
  11 endoplasms
  5 giant cockroaches
  13 goblins
  7 hobgoblins
  10 kobolds
  6 quokkas
  7 bats
  2 frilled lizards
  9 rats
110 creatures vanquished.

Vanquished Creatures (collateral kills)
  2 gnolls (D:3)
  An endoplasm (D:1)
3 creatures vanquished.

Vanquished Creatures (others)
  2 hobgoblins (D:4)
  A kobold (Sewer)
3 creatures vanquished.

Grand Total: 116 creatures vanquished

Notes
Turn   | Place    | Note
-------+----------+-------------------------------------------
     0 | D:5      | Reached skill level 9 in Stealth
     0 | D:5      | 601d51SH the Gnoll Delver began the quest for the Orb.
     0 | D:5      | Reached XP level 1. HP: 23/23 MP: 1/1
    67 | D:4      | Found a transporter.
    72 | D:4      | Noticed 601d51SH's ghost (amateur MiFi)
   177 | D:4      | Noticed Eustachio
   179 | D:3      | Found a radiant altar of Vehumet.
   221 | D:3      | Reached XP level 2. HP: 20/29 MP: 2/2
   347 | D:3      | Identified the +4 dagger "Hecvibbu" {drain, rPois rF- rC-
                  | rCorr}
   374 | D:3      | Found a faded altar of an unknown god.
   408 | D:3      | Reached XP level 3. HP: 34/35 MP: 3/3
   495 | D:3      | Reached skill level 1 in Invocations
   498 | D:3      | Found a glowing drain.
   509 | Sewer    | Entered a sewer
   652 | Sewer    | Reached skill level 1 in Short Blades
   652 | Sewer    | Reached skill level 1 in Long Blades
   652 | Sewer    | Reached skill level 1 in Axes
   652 | Sewer    | Reached skill level 1 in Maces & Flails
   652 | Sewer    | Reached skill level 1 in Staves
   652 | Sewer    | Reached skill level 1 in Ranged Weapons
   652 | Sewer    | Reached skill level 1 in Throwing
   652 | Sewer    | Reached skill level 1 in Armour
   652 | Sewer    | Reached skill level 1 in Shields
   652 | Sewer    | Reached skill level 1 in Unarmed Combat
   652 | Sewer    | Reached skill level 1 in Spellcasting
   652 | Sewer    | Reached skill level 1 in Evocations
   765 | Sewer    | Noticed a kobold brigand
   766 | Sewer    | Noticed a kobold brigand
   848 | Sewer    | Killed a kobold brigand
   849 | Sewer    | Reached skill level 1 in Conjurations
   849 | Sewer    | Reached skill level 1 in Hexes
   849 | Sewer    | Reached skill level 1 in Summonings
   849 | Sewer    | Reached skill level 1 in Necromancy
   849 | Sewer    | Reached skill level 1 in Translocations
   849 | Sewer    | Reached skill level 1 in Fire Magic
   849 | Sewer    | Reached skill level 1 in Ice Magic
   849 | Sewer    | Reached skill level 1 in Air Magic
   849 | Sewer    | Reached skill level 1 in Earth Magic
   849 | Sewer    | Reached skill level 1 in Alchemy
   849 | Sewer    | Reached skill level 1 in Shapeshifting
   849 | Sewer    | Reached XP level 4. HP: 28/41 MP: 4/6
   849 | Sewer    | Reached XP level 5. HP: 32/47 MP: 4/7
   881 | Sewer    | Killed a kobold brigand
  1043 | Sewer    | Noticed a kobold brigand
  1053 | Sewer    | Killed a kobold brigand
  1054 | Sewer    | Reached skill level 5 in Polearms
  1054 | Sewer    | Reached skill level 5 in Dodging
  1054 | Sewer    | Reached XP level 6. HP: 52/53 MP: 7/9
  2513 | D:2      | Learned a level 2 spell: Ensorcelled Hibernation
  2748 | D:1      | Reached XP level 7. HP: 59/59 MP: 10/10
  3346 | D:4      | Found a transporter.
  3461 | D:4      | Noticed Blork the orc
  3482 | D:4      | Killed Blork the orc
  3513 | D:4      | Reached skill level 10 in Stealth
  3543 | D:4      | Noticed Robin
  3566 | D:4      | Killed Robin
  3655 | D:4      | Found a hazy altar of Hepliaklqana.
  3686 | D:4      | Became a worshipper of Hepliaklqana the Forgotten
  3721 | D:4      | Killed Eustachio
  3722 | D:4      | Reached XP level 8. HP: 67/67 MP: 12/12
  3955 | D:4      | HP: 3/67 [601d51SH's ghost (5)]
  3959 | D:4      | Slain by 601d51SH's ghost

Illustrated notes

Levels and vault maps discovered:
D:1:      nicolae_arrival_memento_mori, layout_loops_ring, serial_bayou_pond_c,
          minivault_23, grunt_decor_one_mirror, minmay_unequal
D:2:      layout_basic, minmay_misc_feat_doors
D:3:      layout_basic, nicolae_overflow_crystal_walls,
          nicolae_ecumenical_oubliette, gup_sewer_entry_bubbles
D:4:      layout_loops_ring, mainiacjoe_overflow_surrounded_room,
          gammafunk_ghost_stat_death, minmay_fire_ice_demons,
          uniq_blork_the_orc, uniq_robin, uniq_eustachio
D:5:      cheibrodos_barr_body, layout_basic, grunt_temple_overflow_diamond,
          mainiacjoe_overflow_cross_hatched,
          minmay_temple_entry_statues_pillars, uniq_crazy_yiuf_cottage,
          uniq_sigmund

Skill      XL: |  1  2  3  4  5  6  7 |
---------------+----------------------+-----
Stealth        | 10 | 10.1
Invocations    | 1 2 3 |  3.3
Short Blades   | 1 2 3 |  3.0
Long Blades    | 1 2 3 |  3.0
Axes           | 1 2 3 |  3.0
Maces & Flails | 1 2 3 |  3.0
Staves         | 1 2 3 |  3.0
Ranged Weapons | 1 2 3 |  3.0
Throwing       | 1 2 3 |  3.0
Armour         | 1 2 3 |  3.0
Shields        | 1 2 3 |  3.0
Unarmed Combat | 1 2 3 |  3.0
Spellcasting   | 1 2 3 |  3.0
Evocations     | 1 2 3 |  3.0
Conjurations   | 1 2 |  2.4
Hexes          | 1 2 |  2.4
Summonings     | 1 2 |  2.4
Necromancy     | 1 2 |  2.4
Translocations | 1 2 |  2.4
Fire Magic     | 1 2 |  2.4
Ice Magic      | 1 2 |  2.4
Air Magic      | 1 2 |  2.4
Earth Magic    | 1 2 |  2.4
Alchemy        | 1 2 |  2.4
Shapeshifting  | 1 2 |  2.7
Polearms       | 5 |  5.5
Dodging        | 5 |  5.5
Fighting       | 7 |  7.2

Action                     |  1- 3 |  4- 6 |  7- 9 || total
---------------------------+-------+-------+-------++-------
  Melee: Spear             |    37 |       |       ||    37
         Bite              |    14 |    10 |    13 ||    37
         Dagger            |    85 |   147 |   130 ||   362
  Throw: Dart              |     2 |     3 |       ||     5
    Use: Potion            |       |     1 |     1 ||     2
   Stab: Sleeping          |     6 |    10 |     8 ||    24
         Distracted        |       |     1 |     1 ||     2
 Armour: Leather armour    |    60 |       |       ||    60
         Ring mail         |    18 |    74 |   166 ||   258
  Dodge: Dodged            |    66 |    67 |   150 ||   283

Table legend: (Time is in decaauts)
 A = Elapsed time spent in this place.
 B = Non-inter-level travel time spent in this place.
 C = Inter-level travel time spent in this place.
 D = Time resting spent in this place.
 E = Time spent auto-exploring this place.
 F = Levels seen in this place.
 G = Mean time per level.
                   A        B        C        D        E       F      G
               +--------+--------+--------+--------+--------+-----+--------+
         Total |   4056 |   3657 |    399 |    180 |   1851 |   6 |  676.0 |
       Dungeon |   3340 |   2941 |    399 |     18 |   1851 |   5 |  668.0 |
         Sewer |    715 |    715 |      0 |    162 |      0 |   1 |  715.0 |
               +--------+--------+--------+--------+--------+-----+--------+

Top non-repeatable levels by time:
     D:3: 1139 daAuts
     D:4: 785 daAuts
     D:1: 718 daAuts
   Sewer: 715 daAuts
     D:2: 694 daAuts
     D:5: 3 daAuts
